 Dungeon Crawl Stone Soup version 0.24-a0-235-g3f03afc (webtiles) character file.

Game seed: 15961472035865373147

57 xeno23 the Sneak (level 4, -2/29 HPs)
             Began as an Octopode Assassin on Apr 7, 2019.
             Slain by a goblin (3 damage)
             ... led by Robin
             ... on level 2 of the Dungeon.
             The game lasted 00:01:50 (880 turns).

xeno23 the Sneak (Octopode Assassin)                 Turns: 880, Time: 00:01:51

Health: -2/29      AC:  1    Str: 10    XL:     4   Next: 0%
Magic:  4/4        EV: 13    Int: 13    God:
Gold:   90         SH:  0    Dex: 14    Spells: 3/3 levels left

rFire    . . .     SeeInvis .   a - +2 dagger
rCold    . . .     Gourm    .   (no shield)
rNeg     . . .     Faith    .   (helmet restricted)
rPois    .         Spirit   .   (no amulet)
rElec    .         Reflect  .   (no ring)
rCorr    .         Harm     .   (no ring)
MR       .....                  (no ring)
Stlth    ++++......             (no ring)
HPRegen  0.09/turn              (no ring)
MPRegen  0.09/turn              (no ring)
                                (no ring)
                                (no ring)

@: no status effects
A: almost no armour, stealthy swim, amphibious, 8 rings, constrict 8, camouflage
1, gelatinous body 1
a: no special abilities


You were on level 2 of the Dungeon.
You were not hungry.

You visited 1 branch of the dungeon, and saw 2 of its levels.

You collected 90 gold pieces.

Inventory:

Hand Weapons
 a - a +2 dagger (weapon)
 b - a +0 blowgun
Missiles
 c - 8 poisoned needles
 d - 2 curare-tipped needles
Scrolls
 e - a scroll of noise {unknown}
 g - a scroll of fear {unknown}
 h - a scroll of identify {unknown}
 j - a scroll of enchant weapon {unknown}
Potions
 i - a potion of ambrosia {unknown}
Comestibles
 f - a ration


   Skills:
 - Level 2.0 Fighting
 * Level 3.6 Short Blades
 - Level 2.0 Throwing
 - Level 1.0 Dodging
 + Level 6.0 Stealth


You had 3 spell levels left.
You didn't know any spells.
Your spell library was empty.

Dungeon Overview and Level Annotations

Branches:
Dungeon (2/15)

Altars:


Innate Abilities, Weirdness & Mutations

You cannot wear most types of armour.
You are very stealthy in the water. (Stealth+)
You are amphibious.
You can wear up to eight rings at the same time.
You can use your tentacles to constrict eight enemies at once.
Your skin changes colour to match your surroundings (Stealth+).
Your rubbery body absorbs attacks. (AC +1, EV +1)


Message History

The hobgoblin is heavily wounded.
You constrict the hobgoblin. The hobgoblin closely misses you.
You hit the hobgoblin.
You kill the hobgoblin!
The goblin closely misses you. x2
You hit the goblin.
You kill the goblin!
The goblin barely misses you. The goblin hits you but does no damage.
You barely miss the goblin. Your grab misses the goblin. The goblin hits you.
* * * LOW HITPOINT WARNING * * *
The goblin hits you.
* * * LOW HITPOINT WARNING * * *
The goblin hits you with a +0 dagger.
* * * LOW HITPOINT WARNING * * *
You take 8 damage.
You hit the goblin.
You kill the goblin!
You have reached level 4!
The goblin hits you.
You die...

# #.# ..>
..
####!####
#.....g@#
#....)g)#
#?......#
#...>...#
..........
##.......##
#.......#
#.#####.#


You could see 2 goblins.

Vanquished Creatures
  Robin (D:2)
  An ooze (D:1)
  9 bats (D:1)
  A giant cockroach (D:1)
  6 hobgoblins
  2 kobolds (D:1)
  A frilled lizard (D:1)
  13 goblins
  4 rats (D:1)
38 creatures vanquished.

Notes
Turn   | Place    | Note
-------+----------+-------------------------------------------
     0 | D:1      | xeno23 the Octopode Assassin began the quest for the Orb.
     0 | D:1      | Reached XP level 1. HP: 14/14 MP: 1/1
   124 | D:1      | Reached XP level 2. HP: 18/19 MP: 2/2
   589 | D:1      | Reached XP level 3. HP: 24/24 MP: 3/3
   861 | D:2      | Noticed Robin
   863 | D:2      | Killed Robin
   868 | D:2      | Reached skill level 6 in Stealth
   879 | D:2      | HP: 1/24 [goblin/+0 dagger[Robin] (3)]
   880 | D:2      | Reached XP level 4. HP: 1/29 MP: 4/4
   880 | D:2      | Slain by a goblin

Levels and vault maps discovered:
D:1:      kilobyte_arrival_exit_the_forest, layout_basic
D:2:      layout_loops_cross, nicolae_overflow_hidden_temple,
          nicolae_qazlal_general_emergency, grunt_gozag_statues,
          minmay_misc_feat_iff, kennysheep_generic_room_13, uniq_robin

Skill      XL: |  1  2  3 |
---------------+----------+-----
Short Blades   | 3 |  3.6
Stealth        | 6 |  6.0
Fighting       | |  2.0
Throwing       | |  2.0
Dodging        | |  1.0

Action                   |  1- 3 |  4- 6 || total
-------------------------+-------+-------++-------
Melee: Dagger            |    75 |       ||    75
       Constrict         |    18 |       ||    18
       Tentacles         |     7 |       ||     7
 Stab: Sleeping          |    11 |       ||    11
Armor: Skin              |    10 |       ||    10
Dodge: Dodged            |    43 |       ||    43

Table legend:
 A = Non-vault XP
 B = Vault XP
 C = Vault XP percentage of total XP
 D = Non-vault monster count
 E = Vault monster count
 F = Vault count percentage of total count
                 A         B        C        D         E       F
            +---------+---------+-------+---------+---------+-------
      Total |      49 |      33 |  40.2 |      27 |      11 |  28.9
            +---------+---------+-------+---------+---------+-------
        D:1 |      49 |       0 |   0.0 |      27 |       0 |   0.0
        D:2 |       0 |      33 | 100.0 |       0 |      11 | 100.0
            +---------+---------+-------+---------+---------+-------
